 Dungeon Crawl Stone Soup version 0.29-a0-320-g9f8742066b (webtiles) character file.

Game seed: 17904249222984386054

669 Gwenloh the Slasher (level 7, -1/54 (55) HPs)
             Began as a Human Fighter on Apr 2, 2022.
             Slain by a wraith (9 damage)
             ... on level 5 of the Dungeon.
             The game lasted 00:08:12 (4558 turns).

Gwenloh the Slasher (Human Fighter)                 Turns: 4558, Time: 00:08:13

HP:   -1/54 (55)    AC:  8    Str: 16    XL:     7   Next: 89%
MP:   7/7           EV:  9    Int:  9    God:
Gold: 239           SH:  5    Dex: 14    Spells: 6/6 levels left

rFire   . . .      SeeInvis .   a - +0 long sword
rCold   . . .      Faith    .   c - +0 buckler
rNeg    . . .      Spirit   .   b - +0 scale mail
rPois   .          Reflect  .   (no helmet)
rElec   .          Harm     .   (no cloak)
rCorr   .          Rampage  .   (no gloves)
Will    .....                   t - +0 pair of boots
Stlth   ..........              (no amulet)
HPRegen 0.18/turn               (no ring)
MPRegen 0.10/turn               (no ring)

@: slowed, lightly drained, very slow
A: no striking features
a: no special abilities


You were on level 5 of the Dungeon.
You visited 1 branch of the dungeon, and saw 5 of its levels.

You collected 239 gold pieces.

Inventory:

Hand Weapons
 a - a +0 long sword (weapon)
Missiles
 g - 96 stones (quivered)
Armour
 b - a +0 scale mail (worn)
 c - a +0 buckler (worn)
 r - a +0 chain mail
 t - a +0 pair of boots (worn)
Jewellery
 m - a ring of ice
Scrolls
 f - 2 scrolls of teleportation
 h - 2 scrolls of fog
 j - 2 scrolls of torment
 l - 2 scrolls of blinking
 n - a scroll of fear {unknown}
 o - a scroll of vulnerability {unknown}
 p - a scroll of magic mapping {unknown}
 q - a scroll of enchant weapon {unknown}
 v - a scroll of amnesia {unknown}
 x - a scroll of immolation {unknown}
Potions
 i - 3 potions of heal wounds {unknown}
 k - a potion of resistance {unknown}
 s - a potion of curing {unknown}
 w - a potion of flight {unknown}


   Skills:
 + Level 4.8 Fighting
 * Level 5.6 Long Blades
 + Level 4.8 Armour
 - Level 4.0 Shields


You had 6 spell levels left.
You didn't know any spells.
Your spell library contained the following spells:

 Spells                   Type           Power      Damage    Failure   Level
 Apportation              Tloc           0%         N/A       87%         1
 Magic Dart               Conj           0%         1d3       87%         1
 Call Imp                 Summ           0%         N/A       95%         2
 Ensorcelled Hibernation  Hex/Ice        0%         N/A       95%         2
 Ignite Poison            Fire/Tmut/Pois 0%         N/A       99%         3
 Mephitic Cloud           Conj/Pois/Air  0%         N/A       99%         3
 Ozocubu's Armour         Ice            0%         N/A       99%         3
 Spider Form              Tmut/Pois      0%         N/A       99%         3
 Anguish                  Hex/Necr       0%         N/A       100%        4
 Alistair's Intoxication  Tmut/Pois      0%         N/A       100%        5
 Freezing Cloud           Conj/Ice/Air   0%         6-21      100%        5
 Metabolic Englaciation   Hex/Ice        0%         N/A       100%        5
 Simulacrum               Ice/Necr       0%         N/A       100%        6


Dungeon Overview and Level Annotations

Branches:
Dungeon (5/15)
 Temple: D:4-7

Altars:
Okawaru


Message History

You closely miss the wraith.
The wraith is heavily damaged.
The wraith hits you but does no damage. x2
You closely miss the wraith.
The wraith is heavily damaged.
The wraith hits you but does no damage.
You hit the wraith but do no damage.
The wraith is heavily damaged.
You block the wraith's attack. The wraith closely misses you.
You hit the wraith.
The wraith is heavily damaged.
The wraith hits you! The wraith hits you. The wraith drains your vigour!
You feel as though you will be slow longer.
You completely miss the wraith.
The wraith is heavily damaged.
The wraith hits you. The wraith hits you but does no damage.
You hit the wraith but do no damage.
The wraith is heavily damaged.
The wraith closely misses you.
You barely miss the wraith.
The wraith is heavily damaged.
The wraith hits you but does no damage. The wraith closely misses you.
You barely miss the wraith.
The wraith is heavily damaged.
The wraith barely misses you. x2
You hit the wraith but do no damage.
The wraith is heavily damaged.
The wraith hits you!
* * * LOW HITPOINT WARNING * * *
You block the wraith's attack.
You hit the wraith but do no damage.
The wraith is heavily damaged.
The wraith hits you!
* * * LOW HITPOINT WARNING * * *
The wraith drains your vigour!
You feel as though you will be slow longer.
You completely miss the wraith.
The wraith is heavily damaged.
You block the wraith's attack. The wraith hits you!
You die...

#######..# ####.## #..#
#... #..# ##.# #..# #.#
#..# #.# #..# #<#
#######..# #†#
.........###### ###.#
#.....@W(...(######....
#.#####.###..(.........
. #.# #..######.#.# #.#
#..# #..#. #.# #..#
#.##. #.###..# #.. .
#......# #.#.# ######.#
#.##. # #.# #.#


You could see a wraith.

Vanquished Creatures
  Menkaure (D:4)
  A black bear (D:5)
  A necrophage (D:5)
  A scorpion (D:5)
  3 hounds
  Terence (D:3)
  3 iguanas
  2 gnolls (D:1)
  8 adders
  A dart slug (D:2)
  4 orcs
  5 bats
  6 endoplasms
  2 giant cockroaches
  8 hobgoblins
  4 jackals (D:3)
  3 kobolds
  2 quokkas
  5 ball pythons
  2 frilled lizards
  2 goblins
  5 rats
70 creatures vanquished.

Notes
Turn   | Place    | Note
-------+----------+-------------------------------------------
     0 | D:1      | Gwenloh the Human Fighter began the quest for the Orb.
     0 | D:1      | Reached XP level 1. HP: 18/18 MP: 1/1
    90 | D:1      | Reached XP level 2. HP: 24/24 MP: 2/2
   521 | D:1      | Reached XP level 3. HP: 29/29 MP: 3/3
  1052 | D:1      | HP: 1/29 [gnoll/+0 halberd (7)]
  1054 | D:1      | Reached XP level 4. HP: 1/35 MP: 4/4
  1456 | D:2      | Reached skill level 3 in Long Blades
  1820 | D:2      | You fall into a shaft and drop 1 floor!
  1968 | D:3      | Reached XP level 5. HP: 35/41 MP: 5/5
  2241 | D:3      | Noticed a golden eye
  2243 | D:3      | Found a faded altar of an unknown god.
  2243 | D:3      | Noticed Terence
  2248 | D:3      | Killed Terence
  2273 | D:3      | Noticed a shining eye
  2273 | D:3      | Noticed a golden eye
  2273 | D:3      | Noticed a golden eye
  2484 | D:3      | Reached XP level 6. HP: 41/48 MP: 6/6
  2661 | D:3      | Reached skill level 4 in Long Blades
  3108 | D:4      | Found an iron altar of Okawaru.
  3397 | D:4      | Noticed Menkaure
  3403 | D:4      | Killed Menkaure
  3404 | D:4      | Reached XP level 7. HP: 10/54 MP: 7/7
  3851 | D:5      | Entered Level 5 of the Dungeon
  3854 | D:5      | Noticed a wraith
  4077 | D:5      | Reached skill level 5 in Long Blades
  4558 | D:5      | Slain by a wraith

Illustrated notes

Levels and vault maps discovered:
D:1:      tarquinn_simple_flora_water_d, layout_loops_ring
D:2:      wad_crossroads, layout_basic
D:3:      layout_basic, hellmonk_ecumenical_altar_watching_god,
          mrwooster_statue_mirror, uniq_terence
D:4:      layout_rooms, mainiacjoe_overflow_brackets, serial_rivers,
          chequers_serial_rivers_large_b, chequers_serial_rivers_micro_d,
          chequers_serial_rivers_small_3, chequers_serial_rivers_room_b,
          uniq_menkaure
D:5:      layout_loops_ring, led_sif_pool, minmay_a_box_with_orc_wizards_in_it

Skill      XL: |  1  2  3  4  5  6  7 |
---------------+----------------------+-----
Long Blades    | 3 4 5 |  5.6
Fighting       | 4 |  4.8
Armour         | 4 |  4.8
Shields        | 4 |  4.0

Action                   |  1- 3 |  4- 6 |  7- 9 || total
-------------------------+-------+-------+-------++-------
Melee: Long sword        |    57 |   134 |    73 ||   264
Throw: Boomerang         |     8 |       |       ||     8
       Stone             |    38 |    78 |     1 ||   117
       Dart              |     3 |       |       ||     3
       Javelin           |       |    22 |     9 ||    31
  Use: Potion            |       |     1 |       ||     1
       Scroll            |       |       |     4 ||     4
Armor: Scale mail        |    19 |    61 |    41 ||   121
Dodge: Dodged            |    15 |    47 |    35 ||    97
Block: Buckler           |    16 |    27 |    18 ||    61

Table legend: (Time is in decaauts)
 A = Elapsed time spent in this place.
 B = Non-inter-level travel time spent in this place.
 C = Inter-level travel time spent in this place.
 D = Time resting spent in this place.
 E = Time spent auto-exploring this place.
 F = Levels seen in this place.
 G = Mean time per level.
                   A        B        C        D        E       F      G
               +--------+--------+--------+--------+--------+-----+--------+
         Total |   4703 |   4593 |    110 |    372 |   3402 |   5 |  940.6 |
       Dungeon |   4703 |   4593 |    110 |    372 |   3402 |   5 |  940.6 |
               +--------+--------+--------+--------+--------+-----+--------+

Top non-repeatable levels by time:
     D:1: 1276 daAuts
     D:3: 1150 daAuts
     D:4: 1106 daAuts
     D:2: 586 daAuts
     D:5: 582 daAuts
